General information
			
			
        
        - name: BNet
 
        - type: Ladder team game (AT/RT)
 
        - host: Battle.net
 
        - saver: sc2no.wc4yes
 
        
map: Highperch 
        - players: 6
 
        - length: 117:41
 
        - speed: Fast
 - version: 1.22 W3XP
 - replay type:  Public
 
» download(333 KB)
Players
        team 1 (loser) 
              
              
RasheedWallace (
red | 31 APM | 586 actions | 18:48)
              
 3 Mountain King 
 2 Storm Bolt
 1 Thunder Clap
 1 Paladin 
 1 Divine Shield
 
                » actions 
                
                | Basic commands | 115 |  | 
| Build / train | 75 |  | 
| Enter build submenu | 28 |  | 
| Enter hero's abilities submenu | 4 |  | 
| Remove unit from queue | 1 |  | 
| Right click | 2 |  | 
| Select / deselect | 290 |  | 
| Use ability | 71 |  | 
                586 total
 » units 
                
                | Peasant | 16 |  | 
| Rifleman | 12 |  | 
| Gryphon Rider | 6 |  | 
                34 total
 » upgrades
                
                | Armor | 3 |  | 
| Gunpowder | 2 |  | 
| Masonry | 2 |  | 
| Lumber Harvesting | 2 |  | 
| Long Rifles | 1 |  | 
| Storm Hammers | 1 |  | 
| Animal War Training | 1 |  | 
                12 total
 » buildings
                
                | Farm | 6 |  | 
| Altar of Kings | 1 |  | 
| Blacksmith | 1 |  | 
| Scout Tower | 11 |  | 
| Barracks | 2 |  | 
| Arcane Tower | 2 |  | 
| Lumber Mill | 1 |  | 
| Guard Tower | 8 |  | 
| Arcane Vault | 1 |  | 
| Keep | 1 |  | 
| Town Hall | 1 |  | 
| Gryphon Aviary | 3 |  | 
| Castle | 1 |  | 
                39 total
 » build order
                00:08 Farm
00:38 Altar of Kings
01:08 Farm
01:40 Blacksmith
01:45 Scout Tower
01:47 Farm
02:13 Barracks
02:23 Barracks
02:27 Arcane Tower
02:56 Farm
03:13 Lumber Mill
03:43 Farm
03:56 Scout Tower
04:22 Farm
04:36 Scout Tower
04:42 Guard Tower
05:24 Arcane Vault
05:32 Guard Tower
05:36 Scout Tower
06:05 Guard Tower
06:43 Keep
07:54 Scout Tower
08:06 Town Hall
08:16 Scout Tower
09:19 Guard Tower
11:33 Gryphon Aviary
11:37 Gryphon Aviary
11:40 Scout Tower
11:52 Castle
11:55 Scout Tower
12:14 Guard Tower
12:18 Scout Tower
12:23 Guard Tower
12:48 Arcane Tower
12:50 Scout Tower
13:01 Gryphon Aviary
13:48 Guard Tower
13:50 Scout Tower
14:31 Guard Tower
» items
                
                | Scroll of Regeneration | 1 |  | 
| Potion of Healing | 3 |  | 
| Potion of Mana | 3 |  | 
| Orb of Fire | 2 |  | 
| Scroll of Town Portal | 1 |  | 
                10 total
  
               
              
              
Sith223 (
teal | 17 APM | 1441 actions | 82:57)
              
 7 Blademaster 
 3 Wind Walk
 3 Critical Strike
 1 Bladestorm
 5 Shadow Hunter 
 3 Healing Wave
 2 Hex
 
                » actions 
                
                | Assign group hotkey | 33 |  | 
| Basic commands | 11 |  | 
| Build / train | 80 |  | 
| Enter build submenu | 43 |  | 
| Enter hero's abilities submenu | 13 |  | 
| Remove unit from queue | 10 |  | 
| Right click | 569 |  | 
| Select / deselect | 451 |  | 
| Select group hotkey | 118 |  | 
| Use ability | 113 |  | 
                1441 total
 » units 
                
                | Peon | 8 |  | 
| Grunt | 5 |  | 
| Troll Headhunter/Berserker | 3 |  | 
| Shaman | 10 |  | 
| Tauren | 15 |  | 
| Spirit Walker | 1 |  | 
| Troll Batrider | 2 |  | 
| Wind Rider | 2 |  | 
                46 total
 » upgrades
                
                | Armor | 2 |  | 
| Melee Weapons | 1 |  | 
| Shaman Training | 2 |  | 
| Spirit Walker Training | 1 |  | 
| Pulverize | 1 |  | 
                7 total
 » buildings
                
                | Altar of Storms | 1 |  | 
| Orc Burrow | 10 |  | 
| Barracks | 1 |  | 
| Voodoo Lounge | 2 |  | 
| War Mill | 2 |  | 
| Stronghold | 1 |  | 
| Spirit Lodge | 1 |  | 
| Fortress | 1 |  | 
| Tauren Totem | 2 |  | 
| Town Hall | 1 |  | 
| Great Hall | 1 |  | 
| Watch Tower | 9 |  | 
| Beastiary | 1 |  | 
                33 total
 » build order
                00:08 Altar of Storms
00:10 Orc Burrow
00:46 Barracks
01:35 Orc Burrow
01:59 Voodoo Lounge
02:49 War Mill
03:14 Orc Burrow
04:01 Stronghold
05:05 Orc Burrow
06:49 Orc Burrow
07:14 Spirit Lodge
07:51 Fortress
10:14 Orc Burrow
10:19 Tauren Totem
10:26 Tauren Totem
38:32 Town Hall
49:46 Great Hall
53:40 Watch Tower
54:00 Watch Tower
54:18 Watch Tower
54:36 Watch Tower
54:57 Watch Tower
55:24 Watch Tower
56:14 Beastiary
56:36 Orc Burrow
56:41 Orc Burrow
56:45 Orc Burrow
57:51 Orc Burrow
58:29 Stronghold
58:43 Voodoo Lounge
59:18 Stronghold
65:11 War Mill
66:53 Watch Tower
66:56 Watch Tower
66:58 Watch Tower
» items
                 
               
              
              
ShadowMystiC (
blue | 34 APM | 3950 actions | 117:38)
              
 8 Priestess of the Moon 
 3 Searing Arrows
 3 Trueshot Aura
 1 Starfall
 1 Scout
 
                » actions 
                
                | Assign group hotkey | 342 |  | 
| Basic commands | 429 |  | 
| Build / train | 140 |  | 
| Enter build submenu | 61 |  | 
| Enter hero's abilities submenu | 10 |  | 
| Remove unit from queue | 5 |  | 
| Right click | 1200 |  | 
| Select / deselect | 791 |  | 
| Select group hotkey | 856 |  | 
| Use ability | 116 |  | 
                3950 total
 » units 
                
                | Wisp | 63 |  | 
| Huntress | 12 |  | 
| Druid of the Talon | 11 |  | 
| Dryad | 20 |  | 
| Druid of the Claw | -1 |  | 
| Hippogryph | 7 |  | 
| Chimaera | 6 |  | 
                118 total
 » upgrades
                
                | Abolish Magic | 1 |  | 
| Strength of the Wild | 2 |  | 
| Druid of the Talon Training | 1 |  | 
| Nature's Blessing | 1 |  | 
| Corrosive Breath | 1 |  | 
                6 total
 » buildings
                
                | Altar of Elders | 2 |  | 
| Moon Well | 14 |  | 
| Hunter's Hall | 2 |  | 
| Ancient of War | 1 |  | 
| Tree of Ages | 2 |  | 
| Ancient of Lore | 2 |  | 
| Ancient of Wind | 2 |  | 
| Tree of Life | 2 |  | 
| Ancient Protector | 25 |  | 
| Ancient of Wonders | 1 |  | 
| Tree of Eternity | 1 |  | 
| Chimaera Roost | 2 |  | 
                56 total
 » build order
                00:09 Altar of Elders
00:11 Moon Well
01:26 Hunter's Hall
01:33 Ancient of War
02:05 Moon Well
03:03 Moon Well
04:49 Moon Well
05:39 Tree of Ages
06:31 Moon Well
08:23 Ancient of Lore
08:25 Ancient of Lore
08:28 Ancient of Wind
10:01 Moon Well
12:33 Moon Well
54:41 Tree of Life
59:17 Ancient Protector
59:19 Ancient Protector
59:31 Ancient Protector
59:46 Ancient Protector
60:03 Ancient Protector
60:29 Ancient Protector
60:38 Ancient Protector
61:07 Ancient Protector
61:36 Ancient Protector
62:39 Ancient Protector
62:44 Ancient Protector
62:49 Ancient Protector
63:32 Ancient Protector
63:39 Ancient Protector
64:29 Tree of Life
65:10 Ancient of Wonders
65:45 Moon Well
65:51 Moon Well
66:50 Moon Well
67:02 Ancient Protector
68:52 Tree of Ages
70:58 Hunter's Hall
73:33 Altar of Elders
74:31 Ancient Protector
74:34 Ancient Protector
74:38 Ancient Protector
74:44 Ancient Protector
74:47 Ancient Protector
75:03 Ancient Protector
75:12 Ancient Protector
75:47 Tree of Eternity
76:01 Ancient of Wind
76:09 Ancient Protector
76:14 Ancient Protector
77:41 Moon Well
78:42 Moon Well
79:40 Chimaera Roost
79:44 Chimaera Roost
80:23 Moon Well
81:21 Moon Well
81:32 Ancient Protector
 
               team 2 (winner) 
              
              
BlackSinger4 (
orange | 25 APM | 898 actions | 35:34)
              
 6 Shadow Hunter 
 3 Serpent Ward
 2 Healing Wave
 1 Big Bad Voodoo
 
                » actions 
                
                | Build / train | 71 |  | 
| Enter build submenu | 16 |  | 
| Enter hero's abilities submenu | 6 |  | 
| Right click | 513 |  | 
| Select / deselect | 225 |  | 
| Use ability | 67 |  | 
                898 total
 » units 
                
                | Peon | 7 |  | 
| Grunt | 20 |  | 
| Shaman | 9 |  | 
| Troll Witch Doctor | 7 |  | 
| Tauren | 7 |  | 
                50 total
 » upgrades
                
                | Melee Weapons | 3 |  | 
| Armor | 2 |  | 
| Shaman Training | 2 |  | 
| Witch Doctor Training | 2 |  | 
| Berserker Strength | 1 |  | 
| Pulverize | 1 |  | 
| Spiked Barricades | 1 |  | 
                12 total
 » buildings
                
                | Altar of Storms | 1 |  | 
| Orc Burrow | 5 |  | 
| Barracks | 2 |  | 
| War Mill | 1 |  | 
| Stronghold | 1 |  | 
| Spirit Lodge | 2 |  | 
| Fortress | 1 |  | 
| Voodoo Lounge | 1 |  | 
| Tauren Totem | 2 |  | 
| Great Hall | 2 |  | 
                18 total
 » build order
                00:26 Altar of Storms
00:40 Orc Burrow
00:55 Barracks
01:09 War Mill
02:06 Orc Burrow
02:21 Barracks
04:14 Stronghold
04:19 Orc Burrow
06:08 Orc Burrow
07:33 Spirit Lodge
07:37 Spirit Lodge
10:03 Fortress
10:08 Orc Burrow
10:28 Voodoo Lounge
15:46 Tauren Totem
17:16 Tauren Totem
20:38 Great Hall
21:54 Great Hall
 
               
              
              
» 
sc2no.wc4yes (
green | 35 APM | 4114 actions | 117:41)
              
 8 Death Knight 
 3 Death Coil
 3 Unholy Aura
 1 Animate Dead
 1 Death Pact
 6 Lich 
 3 Frost Nova
 2 Frost Armor
 1 Death and Decay
 6 Goblin Alchemist 
 3 Acid Bomb
 1 Healing Spray
 1 Chemical Rage
 1 Transmute
 
                » actions 
                
                | Assign group hotkey | 63 |  | 
| Basic commands | 112 |  | 
| Build / train | 88 |  | 
| ESC pressed | 2 |  | 
| Enter build submenu | 39 |  | 
| Enter hero's abilities submenu | 21 |  | 
| Give item / drop item | 12 |  | 
| Remove unit from queue | 1 |  | 
| Right click | 1996 |  | 
| Select / deselect | 664 |  | 
| Select group hotkey | 922 |  | 
| Use ability | 194 |  | 
                4114 total
 » units 
                
                | Acolyte | 8 |  | 
| Ghoul | 2 |  | 
| Crypt Fiend | 12 |  | 
| Gargoyle | 5 |  | 
| Obsidian Statue | 4 |  | 
                31 total
 » upgrades
                
                | Creature Attack | 3 |  | 
| Web | 1 |  | 
| Stone Form | 1 |  | 
| Creature Carapace | 3 |  | 
                8 total
 » buildings
                
                | Crypt | 2 |  | 
| Ziggurat | 11 |  | 
| Altar of Darkness | 2 |  | 
| Graveyard | 2 |  | 
| Tomb of Relics | 1 |  | 
| Halls of the Dead | 2 |  | 
| Necropolis | 1 |  | 
| Nerubian Tower | 5 |  | 
| Slaughterhouse | 1 |  | 
| Black Citadel | 2 |  | 
| Spirit Tower | 1 |  | 
| Sacrificial Pit | 2 |  | 
                32 total
 » build order
                00:11 Crypt
00:13 Ziggurat
00:36 Altar of Darkness
01:01 Graveyard
01:50 Ziggurat
02:12 Tomb of Relics
03:13 Ziggurat
05:00 Halls of the Dead
05:57 Necropolis
06:25 Ziggurat
06:26 Ziggurat
06:27 Ziggurat
06:45 Nerubian Tower
07:43 Crypt
07:44 Slaughterhouse
09:07 Black Citadel
09:46 Nerubian Tower
10:24 Nerubian Tower
12:45 Spirit Tower
12:48 Ziggurat
18:28 Halls of the Dead
21:15 Sacrificial Pit
21:46 Sacrificial Pit
26:19 Graveyard
28:52 Ziggurat
29:01 Ziggurat
29:04 Ziggurat
30:26 Nerubian Tower
63:31 Ziggurat
64:34 Nerubian Tower
78:00 Altar of Darkness
79:15 Black Citadel
» items
                
                | Rod of Necromancy | 1 |  | 
| Scroll of Town Portal | 2 |  | 
| Staff of Teleportation | 3 |  | 
| Boots of Speed | 3 |  | 
| Tiny Great Hall | 1 |  | 
| Orb of Corruption | 1 |  | 
| Scroll of Healing | 1 |  | 
| Sacrificial Skull | 1 |  | 
                13 total
  
               
              
              
PiMpUlAtOr (
purple | 25 APM | 727 actions | 29:25)
              
 8 Shadow Hunter 
 3 Healing Wave
 3 Serpent Ward
 1 Big Bad Voodoo
 1 Hex
 
                » actions 
                
                | Build / train | 70 |  | 
| Enter build submenu | 25 |  | 
| Enter hero's abilities submenu | 8 |  | 
| Remove unit from queue | 3 |  | 
| Right click | 342 |  | 
| Select / deselect | 217 |  | 
| Use ability | 62 |  | 
                727 total
 » units 
                » upgrades
                
                | Melee Weapons | 0 |  | 
| Ranged Weapons | 3 |  | 
| Spiked Barricades | 1 |  | 
| Envenomed Spears | 1 |  | 
| Liquid Fire | 1 |  | 
                6 total
 » buildings
                
                | Orc Burrow | 8 |  | 
| Altar of Storms | 2 |  | 
| War Mill | 3 |  | 
| Barracks | 2 |  | 
| Great Hall | 1 |  | 
| Stronghold | 2 |  | 
| Fortress | 1 |  | 
| Beastiary | 3 |  | 
| Voodoo Lounge | 1 |  | 
                23 total
 » build order
                00:06 Orc Burrow
00:09 Altar of Storms
01:24 Orc Burrow
01:32 War Mill
01:39 War Mill
02:08 Barracks
02:32 Barracks
02:51 Orc Burrow
06:22 Great Hall
06:25 Stronghold
06:35 Orc Burrow
09:36 Fortress
09:41 Beastiary
09:53 Beastiary
09:58 Beastiary
10:04 Orc Burrow
10:26 Voodoo Lounge
10:39 War Mill
10:57 Orc Burrow
11:57 Orc Burrow
24:53 Stronghold
27:20 Altar of Storms
27:28 Orc Burrow
» items
                 
                Chat log
          (00:09 / Allies) BlackSinger4: Hi
(00:11 / Allies) PiMpUlAtOr: yo
(00:12 / Allies) BlackSinger4: Melee
(00:15 / Allies) PiMpUlAtOr: air
(00:16 / Allies) sc2no.wc4yes: u guys know how to high perch?
(00:22 / Allies) PiMpUlAtOr: nope
(00:28 / Allies) sc2no.wc4yes: oh well nvm
(00:33 / Allies) BlackSinger4: Rush?
(00:39 / Allies) PiMpUlAtOr: nah
(00:48 / Allies) PiMpUlAtOr: mass and attack at 2nd tier
(01:11 / Allies) PiMpUlAtOr: ill get bats and wyrns or w/e
(01:18 / Allies) sc2no.wc4yes: fiends statue
(01:36 / Allies) sc2no.wc4yes: lets clear expos asap
(01:46 / Allies) PiMpUlAtOr: k
(03:08 / Allies) sc2no.wc4yes: meet in a sec to creep
(03:28 / Allies) sc2no.wc4yes: k go
(05:22 / Allies) sc2no.wc4yes: u guys creep that
(05:26 / Allies) sc2no.wc4yes: ill get htis
(06:15 / Allies) PiMpUlAtOr: oj
(06:16 / Allies) PiMpUlAtOr: move
(06:17 / Allies) PiMpUlAtOr: plz
(08:48 / Allies) sc2no.wc4yes: more units
(08:50 / Allies) sc2no.wc4yes: get t2 t3
(09:42 / Allies) sc2no.wc4yes: b
(10:18 / Allies) sc2no.wc4yes: make item shop
(10:19 / Allies) sc2no.wc4yes: please
(11:23 / Allies) PiMpUlAtOr: i got air kk?
(11:25 / Allies) sc2no.wc4yes: b ready for counter
(11:29 / Allies) sc2no.wc4yes: you better have SOMETHIGN reall soon
(11:31 / Allies) sc2no.wc4yes: or its game over
(12:01 / Allies) sc2no.wc4yes: no
(12:06 / Allies) sc2no.wc4yes: you dont have shit
(12:07 / Allies) sc2no.wc4yes: grunts
(12:08 / Allies) sc2no.wc4yes: ...
(12:10 / Allies) sc2no.wc4yes: they have t2 t3
(12:32 / Allies) sc2no.wc4yes: meet
(12:36 / Allies) sc2no.wc4yes: orange please get taurens
(13:01 / Allies) sc2no.wc4yes: TP THEY HITTING
(13:09 / Allies) sc2no.wc4yes: tp or i tk
(13:11 / Allies) sc2no.wc4yes: i unsumon.
(15:20 / Allies) PiMpUlAtOr: common
(15:21 / Allies) PiMpUlAtOr: coutner
(15:22 / Allies) PiMpUlAtOr: wtf
(15:26 / Allies) sc2no.wc4yes: u have 2 units
(15:30 / Allies) sc2no.wc4yes: you will lose to a single toer.
(15:43 / Allies) sc2no.wc4yes: lo.
(15:50 / Allies) PiMpUlAtOr: wow
(15:55 / Allies) sc2no.wc4yes: lure them out
(15:56 / Allies) sc2no.wc4yes: dont run in
(16:48 / Allies) sc2no.wc4yes: b
(16:50 / Allies) sc2no.wc4yes: they on both sides
(19:05 / Allies) PiMpUlAtOr: green
(19:06 / Allies) PiMpUlAtOr: really?
(20:44 / Allies) PiMpUlAtOr: green
(20:46 / Allies) PiMpUlAtOr: dude
(20:50 / Allies) sc2no.wc4yes: ?
(20:55 / Allies) PiMpUlAtOr: why didnt u help 
(20:59 / Allies) PiMpUlAtOr: me and oj got fucked
(21:09 / Allies) sc2no.wc4yes: we cant lose like this
(21:37 / Allies) sc2no.wc4yes: tp up to me if u wanna be immortal
(22:11 / Allies) PiMpUlAtOr: green
(22:13 / Allies) PiMpUlAtOr: fuck u man
(22:22 / All) PiMpUlAtOr: gg fuckign game green is selfish lil fuck
(22:31 / All) sc2no.wc4yes: i asked them to join me
(22:33 / All) sc2no.wc4yes: and they ignore me
(22:41 / All) PiMpUlAtOr: join u in what ditting there?
(22:44 / Allies) PiMpUlAtOr: sitting
(22:51 / Allies) PiMpUlAtOr: ur not doing anyhting
(22:52 / Allies) PiMpUlAtOr: at all
(23:12 / Allies) BlackSinger4: Fight!!!
(23:19 / Allies) sc2no.wc4yes: orange
(23:21 / Allies) sc2no.wc4yes: you had grunts
(23:23 / Allies) sc2no.wc4yes: 30 mins in
(23:26 / Allies) sc2no.wc4yes: dont address me
(23:31 / Allies) PiMpUlAtOr: green stfu man u blow
(23:34 / Allies) PiMpUlAtOr: ur sitting there
(23:41 / Allies) PiMpUlAtOr: SITTIGN THERE FOR #) MINS
(24:05 / Allies) PiMpUlAtOr: u planng on just chillin rest of game?
(24:37 / Allies) PiMpUlAtOr: go without him he wont help
(24:43 / Allies) PiMpUlAtOr: just sitting there
(25:18 / Allies) sc2no.wc4yes: orange u can still tp ur hero up ehre
(25:20 / Allies) sc2no.wc4yes: it would help a lot
(25:21 / Allies) PiMpUlAtOr: get main
(25:22 / Allies) sc2no.wc4yes: having voodoo
(25:38 / Allies) BlackSinger4: Money
(25:49 / Allies) sc2no.wc4yes: get a tp and tp up here
(25:54 / Allies) sc2no.wc4yes: hurry before they kill u
(25:58 / Allies) sc2no.wc4yes: get a tp anyway
(26:00 / Allies) sc2no.wc4yes: go get one with ur hero
(26:02 / Allies) sc2no.wc4yes: or ull just get raped
(26:08 / Allies) sc2no.wc4yes: go get a tp
(26:43 / Allies) sc2no.wc4yes: orange buy tp
(26:51 / Allies) sc2no.wc4yes: if they cared about that bujilding
(26:53 / Allies) sc2no.wc4yes: they would rape you fast
(27:00 / Allies) sc2no.wc4yes: the only rteason they dont is they think they already won
(27:02 / Allies) sc2no.wc4yes: get a tp
(27:03 / Allies) sc2no.wc4yes: town portal
(27:57 / Allies) sc2no.wc4yes: still no tp
(27:58 / Allies) sc2no.wc4yes: sigh
(28:02 / Allies) PiMpUlAtOr: green
(28:05 / Allies) PiMpUlAtOr: waht are u planing?
(28:09 / Allies) sc2no.wc4yes: they cant get up here
(28:11 / Allies) sc2no.wc4yes: onyl air can
(28:16 / Allies) sc2no.wc4yes: and i have enough to stop lots of air
(29:13 / All) PiMpUlAtOr: f this green ruined the damn game
(29:22 / All) PiMpUlAtOr: if he atacked with us it would be over
(29:22 / Allies) sc2no.wc4yes: leave if you want
(29:24 / Allies) sc2no.wc4yes: im gonna win
(29:34 / Allies) sc2no.wc4yes: orange
(29:37 / Allies) sc2no.wc4yes: you asked for gold for tp
(29:38 / Allies) sc2no.wc4yes: i gave it
(29:43 / Allies) sc2no.wc4yes: now youre just gonna get killed and not get tp?
(30:15 / Allies) sc2no.wc4yes: nice one, gaywad use voodoo when the only unit hterye attacking is your hero
(30:40 / Allies) BlackSinger4: What you want?
(30:48 / Allies) sc2no.wc4yes: just give me all your gold and wood now
(30:51 / Allies) sc2no.wc4yes: i wanted your hero up here
(31:11 / Allies) BlackSinger4: Realy not
(31:41 / All) BlackSinger4: He is on your right
(31:44 / All) sc2no.wc4yes: lol
(31:46 / All) sc2no.wc4yes: wimpkins noob
(31:56 / All) sc2no.wc4yes: lol he pings
(32:03 / All) sc2no.wc4yes: they cant see ur ping dickfag
(32:06 / All) BlackSinger4: He is on the fountain
(32:24 / All) BlackSinger4: Heal fountain
(32:31 / All) sc2no.wc4yes: orange still has 2 buildings
(32:33 / All) sc2no.wc4yes: that sall we have
(33:28 / All) BlackSinger4: He have a hero
(33:35 / All) sc2no.wc4yes: go find oranges base
(33:38 / All) sc2no.wc4yes: he hid a shop and warmill
(33:41 / All) sc2no.wc4yes: hes insnae
(33:51 / All) ShadowMystiC: wanna just leave
(33:51 / All) sc2no.wc4yes: oh i have a building too
(34:10 / All) BlackSinger4: He is on the fountain...
(34:39 / Allies) sc2no.wc4yes: u wish u had units to play with
(34:41 / Allies) sc2no.wc4yes: only i do
(34:58 / All) BlackSinger4: Good Look
(35:39 / All) sc2no.wc4yes: lol
(37:12 / All) sc2no.wc4yes: he told u where i am
(37:52 / All) sc2no.wc4yes: 666
(38:47 / All) sc2no.wc4yes: ?
(38:48 / All) sc2no.wc4yes: coming>?
(39:08 / All) sc2no.wc4yes: ???
(39:09 / All) ShadowMystiC: im going AFK
(39:09 / All) Sith223: cannot
(39:11 / All) sc2no.wc4yes: lol
(39:12 / All) ShadowMystiC: be back later
(39:19 / All) sc2no.wc4yes: now dont lie
(39:27 / All) sc2no.wc4yes: if u say afk u better go afk
(39:28 / All) sc2no.wc4yes: dont move units
(39:30 / All) sc2no.wc4yes: or ur gay
(39:31 / All) sc2no.wc4yes: ;)
(40:10 / All) sc2no.wc4yes: red u have nothign now?
(40:12 / All) sc2no.wc4yes: i get it all?
(40:15 / All) sc2no.wc4yes: :)
(40:29 / All) sc2no.wc4yes: say yes fag
(40:30 / All) sc2no.wc4yes: be polite
(40:41 / All) sc2no.wc4yes: did i rape u fag?
(40:44 / All) sc2no.wc4yes: say yes
(40:47 / All) ShadowMystiC: wanna not be gay
(40:59 / All) sc2no.wc4yes: ?
(41:03 / All) sc2no.wc4yes: seriously u cant win now
(41:04 / All) sc2no.wc4yes: and i can
(41:04 / All) sc2no.wc4yes: kleave
(41:54 / All) sc2no.wc4yes: ?
(41:56 / All) ShadowMystiC: dude u know u lost
(41:59 / All) sc2no.wc4yes: did i win yet?
(42:10 / All) ShadowMystiC: u know u lost
(42:13 / All) sc2no.wc4yes: lol
(42:22 / All) ShadowMystiC: whatever im gonna have my little brother sit here and play for me
(42:26 / All) sc2no.wc4yes: good
(42:28 / All) sc2no.wc4yes: easier to win
(42:40 / All) sc2no.wc4yes: guess what food im at
(42:42 / All) sc2no.wc4yes: and ill leave
(42:45 / All) ShadowMystiC: he says delay as long as possible
(42:45 / All) sc2no.wc4yes: if u guess it right exactly
(42:50 / All) ShadowMystiC: pizza
(42:57 / All) Sith223: left mid
(43:01 / All) ShadowMystiC: hot pokets*
(43:17 / All) sc2no.wc4yes: guess what my population is
(43:20 / All) sc2no.wc4yes: if u get it exactly right
(43:22 / All) sc2no.wc4yes: i lkeave
(43:35 / All) ShadowMystiC: guess mine and ill leave
(43:38 / All) Sith223: 45
(43:39 / All) sc2no.wc4yes: hmm
(43:40 / All) sc2no.wc4yes: 25
(43:42 / All) ShadowMystiC: nvm he says i cant
(43:53 / All) sc2no.wc4yes: well im at 95
(44:34 / All) sc2no.wc4yes: how come u guys dont kill ur melee
(44:35 / All) sc2no.wc4yes: mine gold
(44:36 / All) sc2no.wc4yes: and make air
(45:00 / All) sc2no.wc4yes: instead of pretending you dont know how to play
(45:23 / All) ShadowMystiC: come on man
(45:30 / All) sc2no.wc4yes: no make some air
(45:33 / All) sc2no.wc4yes: make a decent attempt
(45:38 / All) sc2no.wc4yes: im not gonna leave with 10000 gold on the map
(45:39 / All) ShadowMystiC: we could have played another 3 games by now
(45:42 / All) sc2no.wc4yes: just because youre so lazy
(45:43 / All) sc2no.wc4yes: so leave
(45:46 / All) sc2no.wc4yes: too lazy to play then just leave
(45:54 / All) ShadowMystiC: fuck it im just gonna keep wasting both of our time
(46:08 / All) sc2no.wc4yes: i can tell you will leave within 10 min
(46:11 / All) sc2no.wc4yes: by how much ur chatting
(46:14 / All) sc2no.wc4yes: trying to psych me out
(46:17 / All) ShadowMystiC: yeah true
(46:21 / All) sc2no.wc4yes: im willing to stay 10 hours
(46:23 / All) sc2no.wc4yes: so make some air
(46:24 / All) sc2no.wc4yes: and try me
(46:28 / All) ShadowMystiC: if by ten minutes u mean an hour
(46:47 / All) ShadowMystiC: ill leave in an hour, maybe 90 min,. if ur still being dumb
(46:51 / All) sc2no.wc4yes: have u guys seen my base?
(48:46 / All) sc2no.wc4yes: :O
(52:31 / All) ShadowMystiC: u know u lost
(52:37 / All) sc2no.wc4yes: how u gonna kill me
(52:44 / All) sc2no.wc4yes: i got 14 3/3 fiends and stats to heal
(52:46 / All) ShadowMystiC: zeppelin
(52:50 / All) sc2no.wc4yes: no zepps on this map
(52:56 / All) ShadowMystiC: how did u get there?
(52:59 / All) sc2no.wc4yes: lol
(53:04 / All) sc2no.wc4yes: i got a quick hall
(53:09 / All) sc2no.wc4yes: and used staff of teleport to a garg
(53:10 / All) sc2no.wc4yes: to set it up
(53:12 / All) sc2no.wc4yes: then tped to it
(53:40 / All) sc2no.wc4yes: night elf can get up with a dott
(53:43 / All) sc2no.wc4yes: orc has nothing 
(53:47 / All) sc2no.wc4yes: but orc and human can use tinker
(54:01 / All) sc2no.wc4yes: for replays lik e this and a guide go to http://highper.ch
(54:14 / All) ShadowMystiC: word
(54:20 / All) ShadowMystiC: im just gonna mass tower
(54:28 / All) ShadowMystiC: if i cant win, you sure as hell wont
(54:36 / All) ShadowMystiC: and i guarantee im more persistent than u
(54:56 / All) sc2no.wc4yes: my allies have a total of 6000 gold they didnt give me
(54:58 / All) sc2no.wc4yes: jerks, huh?
(55:05 / All) ShadowMystiC: nope
(55:07 / All) ShadowMystiC: ur the jerk
(55:14 / All) ShadowMystiC: u know u lost but u decide to turtle
(55:20 / All) ShadowMystiC: Theres 2 of us, 1 of u
(55:25 / All) sc2no.wc4yes: im not turtled
(55:27 / All) ShadowMystiC: be reasonable
(55:29 / All) sc2no.wc4yes: turtles cant fluy
(55:46 / All) sc2no.wc4yes: i did a cool innovative strat, u guys just attack-moved all game with boring units
(55:55 / All) sc2no.wc4yes: if i had gone fiend stat wyrm and backed my allies we woulda won logn ago
(57:02 / All) sc2no.wc4yes: sine u have nothing better to do
(57:06 / All) sc2no.wc4yes: u should try to get up on the left side
(57:10 / All) ShadowMystiC: question, do u realize u will lose
(57:12 / All) sc2no.wc4yes: it woudl be a fun challenge
(57:15 / All) ShadowMystiC: ur making me do this
(57:21 / All) ShadowMystiC:  but u will lose
(57:24 / All) sc2no.wc4yes: ?
(57:27 / All) sc2no.wc4yes: u gonna disc hck me?
(57:45 / All) sc2no.wc4yes: ur not getting outta this game without a loss unless u disc hack
(57:59 / All) ShadowMystiC: we will see
(58:05 / All) sc2no.wc4yes: try to get up on left side
(58:08 / All) sc2no.wc4yes: i wont kill anything there
(58:15 / All) sc2no.wc4yes: u need a staff of tp and an upgraded dott
(58:19 / All) ShadowMystiC: nope
(58:24 / All) ShadowMystiC: im gonna win
(59:02 / All) sc2no.wc4yes: is red here?
(59:43 / All) sc2no.wc4yes: building armor upgrade so gay
(61:20 / All) sc2no.wc4yes: ooo bats
(62:22 / All) sc2no.wc4yes: :O
(62:24 / All) ShadowMystiC: gotya
(62:33 / All) sc2no.wc4yes: you got me?
(63:04 / All) sc2no.wc4yes: you guys have like 10000 gold in the mines
(63:13 / All) sc2no.wc4yes: if you cant win with 10000 gold you should uninstall
(67:47 / All) sc2no.wc4yes: oh red is gone
(67:49 / All) sc2no.wc4yes: didnt realize
(68:01 / All) Sith223: gonna read then fall asleep, bye
(68:11 / All) sc2no.wc4yes: no more bats?
(69:35 / All) ShadowMystiC: welcome to the jungle
(69:52 / All) ShadowMystiC: hahah
(70:21 / All) ShadowMystiC: sry dude but u lost
(70:28 / All) sc2no.wc4yes: im havin gfun
(70:32 / All) sc2no.wc4yes: thats what matters
(72:09 / All) ShadowMystiC: not gonna happen
(72:12 / All) sc2no.wc4yes: lol
(72:58 / All) sc2no.wc4yes: mine almost dead
(73:01 / All) sc2no.wc4yes: how much gold u got
(73:32 / All) sc2no.wc4yes: u got at least 2000 from the top mine
(73:37 / All) sc2no.wc4yes: thats 6 chimeras right there
(73:43 / All) ShadowMystiC: dude u lost
(73:46 / All) sc2no.wc4yes: or like 10 towers
(74:46 / All) sc2no.wc4yes: i scared u talking about air in begining huh
(74:49 / All) sc2no.wc4yes: not gonna make any?
(82:04 / All) sc2no.wc4yes: so 90 minutes huh
(82:05 / All) sc2no.wc4yes: afk then
(82:08 / All) ShadowMystiC: stfu
(82:10 / All) ShadowMystiC: faggot
(83:54 / All) ShadowMystiC: i promise u that u have lost
(84:02 / All) sc2no.wc4yes: how much gold u got
(84:07 / All) ShadowMystiC: 6k
(84:10 / All) sc2no.wc4yes: ooo
(84:11 / All) ShadowMystiC: 5.8k
(84:15 / All) sc2no.wc4yes: kill ur shitty dryads and get osme air
(84:48 / All) sc2no.wc4yes: why did teal leave?
(84:52 / All) sc2no.wc4yes: didnt share your optimism?
(85:06 / All) ShadowMystiC: he gave me all his gold
(87:52 / All) sc2no.wc4yes: that was like 2k
(87:54 / All) sc2no.wc4yes: 4k more
(87:56 / All) ShadowMystiC: i would rebuild but fuck it
(88:00 / All) sc2no.wc4yes: lol
(88:00 / All) sc2no.wc4yes: kluiar
(88:01 / All) sc2no.wc4yes: liar
(88:02 / All) sc2no.wc4yes: ur broke
(88:03 / All) ShadowMystiC: im just gonna go surf the web
(88:03 / All) sc2no.wc4yes: u lost
(88:05 / All) sc2no.wc4yes: got owned
(88:05 / All) ShadowMystiC: peace
(88:06 / All) sc2no.wc4yes: flat broke
(88:07 / All) sc2no.wc4yes: flat broke
(88:09 / All) sc2no.wc4yes: flat broke
(88:10 / All) sc2no.wc4yes: flat broke
(88:11 / All) sc2no.wc4yes: flat broke
(88:13 / All) sc2no.wc4yes: flat broke
(89:09 / All) ShadowMystiC: well i talk to u in a few hours i guess
(90:31 / All) ShadowMystiC: still here?
(90:41 / All) ShadowMystiC: k im going to get dinner we'll talk when i get back
(90:45 / All) ShadowMystiC: btw u messed with the wrong guy
(90:48 / All) sc2no.wc4yes: lol
(92:40 / All) sc2no.wc4yes: lol you moved the peons
(92:50 / All) ShadowMystiC: seriously be back now
(92:58 / All) ShadowMystiC: ill hit u up in a few
(93:03 / All) sc2no.wc4yes: few seconds
(93:23 / All) sc2no.wc4yes: colossal misclick
(95:00 / All) sc2no.wc4yes: lol
(95:03 / All) sc2no.wc4yes: ur not going anywhere
(95:09 / All) ShadowMystiC: seriously
(95:14 / All) ShadowMystiC: brb
(100:18 / All) sc2no.wc4yes: for more replays like this visit http://highper.ch
(111:05 / All) sc2no.wc4yes: you got owned
(111:06 / All) sc2no.wc4yes: gg
(111:16 / All) sc2no.wc4yes: save replay so u know how to play this strat
(111:21 / All) sc2no.wc4yes: go to highper.ch for replays liek this
(114:28 / All) sc2no.wc4yes: 666
(114:29 / All) sc2no.wc4yes: 666
(114:32 / All) sc2no.wc4yes: 666
(115:22 / All) ShadowMystiC: still here?
(115:25 / All) sc2no.wc4yes: lol
(115:27 / All) sc2no.wc4yes: check out teals base
(115:29 / All) sc2no.wc4yes: ur losing
(116:08 / All) sc2no.wc4yes: i love gangsta niggas
(116:12 / All) sc2no.wc4yes: gangsta niggas love me
(116:13 / All) ShadowMystiC: dont care
(116:17 / All) sc2no.wc4yes: me and the gangsta niggas got a fuckin family
(116:22 / All) ShadowMystiC: dont care
(116:36 / All) sc2no.wc4yes: go afk again
(116:39 / All) sc2no.wc4yes: more fun when ur not here
(116:45 / All) ShadowMystiC: dont care
(116:56 / All) sc2no.wc4yes: hurry move them!
(116:58 / All) sc2no.wc4yes: they dying@!